Map: Acid Plant LE

Players

Scarlett - Winner!

  • Race: Zerg Zerg
  • Spawn Location: 11:00

Serral

  • Race: Zerg Zerg
  • Spawn Location: 5:00

Event: WCS Montreal 2018

VOD

Have the link to the VOD?

Description

Time

  • Played on: Sept. 9, 2018, 9:40 a.m.
  • Length: 14:29

All games in this series

Show
View Real Time Build Order
Export as new Build Order

Scarlett Zerg - Winner!

Build Orders: 3 Hatch before Pool, Muta Ling Bane 

Get SALT Encoding   

  12  0:00  Drone  
  13  0:08  Drone  
  14  0:16  Overlord  
  14  0:25  Extractor, Drone  
  15  0:35  Drone x2  
  17  0:52  Hatchery  
  17  0:55  Drone  
  17  0:58  Drone  
  18  1:05  Drone  
  19  1:25  Hatchery  
  18  1:27  Extractor  
  17  1:34  Spawning Pool  
  17  1:38  Drone  
  17  1:41  Drone  
  17  1:44  Drone  
  19  1:50  Drone  
  20  2:00  Drone  
  21  2:04  Drone  
  22  2:10  Overlord  
  22  2:16  Drone  
  22  2:22  Queen  
  25  2:26  Queen  
  25  2:28  Metabolic Boost  
  27  2:32  Drone  
  27  2:34  Drone  
  29  2:37  Drone  
  29  2:43  Drone x2  
  29  2:44  Drone  
  33  2:51  Queen  
  33  2:57  Overlord  
  35  3:00  Drone  
  35  3:03  Drone  
  37  3:07  Queen  
  37  3:11  Zergling x4  
  41  3:14  Zergling x2  
  41  3:19  Zergling x6  
  45  3:25  Overlord  
  45  3:26  Zergling x4  
  46  3:43  Drone x2  
  46  3:44  Drone x5  
  53  3:52  Roach Warren  
  51  3:59  Overlord, Drone x4  
  51  4:00  Drone  
  56  4:16  Zergling x8  
  57  4:20  Zergling x6  
  57  4:21  Zergling x10  
  64  4:27  Overlord x2  
  64  4:28  Overlord  
  64  4:37  Zergling x2  
  65  4:46  Roach x2  
  65  4:47  Roach x3  
  65  4:49  Roach x2  
  74  4:55  Roach x3  
  79  5:01  Roach x4  
  79  5:05  Roach x2  
  88  5:07  Overlord, Zergling x2  
  87  5:14  Zergling x6  
  87  5:19  Overlord  
  90  5:27  Zergling x10  
  93  5:35  Zergling x4  
  92  5:38  Zergling x2  
  89  5:43  Zergling x2  
  89  5:45  Queen  
  89  5:46  Drone  
  89  5:49  Extractor  
  92  5:54  Drone x7  
  92  5:56  Drone  
  92  5:57  Lair  
  100  5:59  Evolution Chamber  
  98  6:07  Drone x2  
  98  6:08  Drone  
  98  6:11  Overlord  
  100  6:14  Drone  
  100  6:16  Drone  
  100  6:17  Extractor  
  101  6:18  Extractor  
  101  6:21  Drone  
  101  6:22  Drone x3  
  101  6:25  Drone x2  
  105  6:27  Overlord  
  105  6:30  Overlord x2  
  105  6:34  Overlord  
  105  6:36  Hatchery  
  104  6:41  Overlord  
  104  6:43  Roach  
  104  6:44  Roach  
  107  6:50  Drone x5  
  107  6:51  Zerg Missile Weapons Level 1  
  112  6:58  Drone x5  
  112  7:01  Spire, Extractor x2  
  111  7:09  Overseer  
  111  7:10  Drone x3  
  109  7:18  Overlord x3  
  109  7:23  Drone x5  
  109  7:26  Overlord  
  114  7:30  Overlord x2  
  114  7:38  Roach x4  
  122  7:54  Drone x7  
  125  7:59  Baneling Nest  
  125  8:02  Overlord  
  125  8:03  Roach  
  125  8:04  Extractor, Roach  
  127  8:09  Extractor  
  127  8:12  Roach x5  
  136  8:15  Mutalisk x6  
  136  8:19  Mutalisk  
  150  8:21  Zergling x6  
  150  8:26  Glial Reconstitution  
  152  8:47  Mutalisk  
  156  8:48  Centrifical Hooks  
  156  8:53  Hatchery  
  156  8:54  Mutalisk x2  
  155  8:57  Zergling x26  
  166  9:08  Mutalisk x3, Zerg Melee Weapons Level 1  
  172  9:17  Mutalisk  
  172  9:18  Mutalisk  
  172  9:19  Zergling x14  
  183  9:26  Queen  
  183  9:28  Overlord x2  
  185  9:37  Mutalisk x2  
  184  9:38  Overlord x2  
  184  9:46  Baneling x11  
  184  9:47  Baneling x8  
  184  9:49  Zergling x16  
  192  9:53  Baneling x5  
  192  9:57  Zergling x2  
  192  9:58  Zergling x6  
  196  10:00  Baneling x4  
  196  10:07  Zergling x2  
  196  10:08  Zergling x6  
  167  10:23  Zergling x12  
  167  10:24  Zergling x18  
  167  10:26  Roach  
  165  10:28  Roach  
  165  10:30  Roach  
  155  10:41  Roach x5  
  127  11:08  Drone x13  
  138  11:17  Overlord  
  137  11:29  Unknown, Ravager x18  
  137  11:30  Unknown, Zergling x2  
  137  11:31  Zergling x4  
  158  11:35  Baneling x4  
  158  11:39  Roach  
  162  11:40  Roach  
  162  11:44  Roach x3  
  168  11:54  Baneling x5  
  132  12:15  Roach  
  132  12:16  Roach x8  
  132  12:21  Roach x9  
  143  12:44  Mutalisk x2  
  143  12:45  Mutalisk x3  
  143  12:50  Mutalisk  
  148  12:57  Mutalisk  
  142  13:01  Mutalisk x2  
  142  13:03  Drone x2  
  148  13:06  Mutalisk  
  148  13:07  Zergling x14  
  148  13:08  Zergling x8  
  161  13:17  Extractor  
  160  13:23  Mutalisk x3  
  166  13:28  Overlord  
  166  13:29  Drone x3  
  169  13:35  Mutalisk x2  
  169  13:40  Mutalisk  
  169  13:41  Mutalisk  
  175  13:43  Zergling x14  
  182  13:56  Mutalisk x2  
  185  14:03  Mutalisk x2  
  185  14:08  Zergling x24  
Show
View Real Time Build Order
Export as new Build Order

Serral Zerg 

Build Orders: Hatch First, Lurkers, Roach Hydra, Zergling Baneling 

Get SALT Encoding   

  12  0:00  Drone  
  13  0:12  Overlord  
  13  0:16  Drone  
  14  0:30  Drone x2  
  16  0:47  Hatchery  
  15  0:51  Drone  
  15  0:55  Drone  
  17  0:57  Drone  
  18  1:08  Extractor  
  17  1:13  Spawning Pool  
  17  1:16  Drone  
  17  1:20  Drone  
  18  1:29  Drone  
  19  1:40  Drone  
  20  1:58  Overlord  
  20  2:00  Queen x2  
  24  2:05  Drone x2  
  24  2:08  Metabolic Boost  
  26  2:10  Drone  
  26  2:12  Drone  
  28  2:21  Drone  
  28  2:22  Drone  
  30  2:31  Drone  
  30  2:32  Drone  
  32  2:42  Hatchery, Zergling x2  
  32  2:43  Zergling x2  
  33  2:48  Baneling Nest  
  32  2:55  Zergling x2  
  32  2:56  Overlord  
  33  3:04  Drone x2  
  35  3:08  Drone  
  36  3:15  Zergling x4  
  36  3:16  Drone x4  
  42  3:22  Zergling x2  
  43  3:28  Drone  
  44  3:41  Overlord  
  43  3:43  Zergling x2  
  43  3:45  Overlord  
  44  3:48  Baneling x2  
  43  3:57  Zergling x12  
  43  3:58  Baneling x2  
  43  3:59  Zergling x2  
  49  4:05  Queen  
  49  4:09  Drone x3  
  53  4:18  Drone  
  53  4:19  Drone x3  
  53  4:20  Drone x2  
  57  4:25  Extractor, Roach Warren  
  57  4:26  Extractor, Zergling x4, Evolution Chamber  
  57  4:31  Overlord, Drone  
  55  4:32  Drone  
  55  4:33  Baneling x2  
  56  4:39  Zergling x4  
  56  4:44  Zergling x2  
  59  4:46  Baneling x2  
  59  4:52  Drone x2  
  60  4:56  Zergling x4  
  60  4:59  Drone x2  
  64  5:01  Zergling x4  
  64  5:03  Zergling x4  
  64  5:04  Baneling x2  
  65  5:09  Roach  
  65  5:10  Roach  
  67  5:16  Roach x4  
  67  5:19  Overlord  
  72  5:23  Spine Crawler x2  
  72  5:24  Roach  
  72  5:26  Roach  
  74  5:35  Spine Crawler  
  72  5:39  Roach x5  
  81  5:46  Baneling x2  
  81  5:47  Zergling x2  
  81  5:48  Overlord  
  82  5:51  Overlord  
  82  5:55  Overlord  
  82  6:06  Baneling x2  
  82  6:11  Zerg Missile Weapons Level 1, Overlord x2  
  82  6:15  Drone x10  
  92  6:20  Lair  
  92  6:23  Overlord  
  92  6:26  Baneling  
  92  6:28  Drone x2  
  94  6:37  Overlord  
  94  6:42  Drone x2  
  96  6:48  Overlord  
  96  6:49  Roach x3  
  96  6:50  Drone x2  
  96  6:52  Extractor x2  
  101  6:59  Overlord  
  101  7:02  Drone x2  
  101  7:05  Drone x2  
  101  7:06  Overlord, Hatchery  
  101  7:07  Drone x2  
  106  7:08  Pneumatized Carapace  
  106  7:13  Overlord, Extractor  
  105  7:16  Overlord  
  105  7:17  Overlord  
  105  7:21  Overseer, Glial Reconstitution  
  104  7:26  Drone x5  
  104  7:27  Drone  
  104  7:28  Roach  
  104  7:29  Unknown  
  112  7:35  Overlord x2  
  112  7:39  Roach x4  
  120  7:45  Roach  
  120  7:46  Roach x3  
  120  7:50  Hydralisk Den  
  126  8:02  Drone  
  126  8:03  Drone x3  
  126  8:04  Overlord x2  
  130  8:08  Overlord  
  130  8:11  Zerg Missile Weapons Level 2  
  130  8:20  Grooved Spines  
  129  8:36  Hydralisk x4  
  129  8:37  Hydralisk x3  
  129  8:38  Hydralisk  
  142  8:43  Queen  
  142  8:44  Lurker Den  
  143  8:49  Roach x11  
  143  8:54  Spore Crawler x2  
  163  8:56  Spore Crawler  
  163  9:01  Spore Crawler  
  163  9:02  Overlord  
  160  9:04  Drone x3  
  160  9:07  Drone x2, Ravager  
  160  9:08  Ravager x2  
  165  9:13  Extractor, Drone x3  
  167  9:25  Roach x5  
  177  9:31  Muscular Augments  
  177  9:36  Hydralisk x2  
  180  9:43  Roach x7  
  194  9:47  Overseer  
  192  10:09  Hydralisk x3  
  192  10:13  Unknown  
  198  10:17  Roach x3  
  198  10:18  Roach x10  
  179  10:23  Roach x6  
  179  10:28  Roach x3  
  152  10:32  Roach x2  
  135  10:37  Roach x3  
  118  10:42  Roach x2  
  118  10:45  Hydralisk x3  
  115  10:51  Hydralisk x2  
  109  10:58  Unknown  
  109  10:59  Hydralisk x3  
  109  11:01  Ravager x2  
  110  11:04  Ravager  
  110  11:11  Lurker x3  
  110  11:13  Hydralisk x4  
  110  11:32  Lurker x3  
  113  11:39  Hydralisk  
  113  11:40  Spore Crawler, Hydralisk  
  113  11:41  Roach x3  
  122  11:48  Spore Crawler, Hatchery  
  122  11:51  Spore Crawler  
  113  12:01  Roach  
  113  12:02  Roach x6  
  113  12:08  Roach x2  
  109  12:16  Roach x3  
  109  12:22  Lurker  
  108  12:23  Lurker  
  108  12:24  Hydralisk x2  
  112  12:33  Hydralisk  
  112  12:40  Roach  
  112  12:41  Roach x2  
  115  12:49  Hydralisk x3  
  107  13:09  Hydralisk x4  
  114  13:16  Hatchery  
  112  13:21  Lurker  
  113  13:28  Lurker x2  
  113  13:29  Lurker  
  113  13:32  Drone x3  
  119  13:41  Drone x2  
  121  13:43  Roach x4  
Tags
 
Add a new tag
Caveats
  • Supply blocks, unpowered buildings, or Contaminate may cause inaccurate times.
  • Supply counts are checked every 10 seconds.